 Dungeon Crawl Stone Soup version 0.30-a0-883-g5ad918d77d (webtiles) character file.

Game seed: 4565952645404382076

214 112233 the Magician (level 5, 0/31 HPs)
             Began as an Octopode Earth Elementalist on Mar 15, 2023.
             Slain by a river rat (6 damage)
             ... in a sewer.
             The game lasted 00:01:42 (1840 turns).

112233 the Magician (Octopode Earth Elementalist)   Turns: 1840, Time: 00:01:42

Health: 0/31       AC:  1    Str:  7    XL:     5   Next: 91%
Magic:  7/12       EV: 13    Int: 20    God:
Gold:   77         SH:  0    Dex: 12    Spells: 8/14 levels left

rFire   . . .      SeeInvis .    (no weapon)
rCold   . . .      Faith    .    (no shield)
rNeg    . . .      Spirit   .    (helmet restricted)
rPois   .          Reflect  .    (no amulet)
rElec   .          Rampage  .    (no ring)
rCorr   .                        (no ring)
Will    .....                    (no ring)
Stlth   +++                      (no ring)
HPRegen 0.25/turn                (no ring)
MPRegen 0.13/turn                (no ring)
                                 (no ring)
                                 (no ring)

@: no status effects
A: almost no armour, amphibious, 8 rings, camouflage 1, gelatinous body 1,
(nimble swimmer 1), tentacles
a: no special abilities


You were in a sewer.
You visited 1 branch of the dungeon, and saw 3 of its levels.
You also visited: Sewer.

You collected 77 gold pieces.

Inventory:

Wands
 c - a wand of mindburst (10)
Scrolls
 a - a scroll of noise {unknown}
 b - a scroll of acquirement {unknown}
 e - 3 scrolls of identify {unknown}
 f - 3 scrolls of teleportation {unknown}
 g - 2 scrolls of immolation {unknown}
 h - a scroll of blinking {unknown}
 k - a scroll of fog {unknown}
Potions
 d - a potion of cancellation {unknown}
 i - 3 potions of heal wounds {unknown}
 j - 2 potions of haste {unknown}


   Skills:
 - Level 2.2 Dodging
 - Level 3.2 Stealth
 + Level 5.0 Spellcasting
 - Level 1.4 Transmutations
 - Level 3.2 Earth Magic


You had 8 spell levels left.
You knew the following spells:

 Your Spells              Type           Power      Damage    Failure   Level
a - Sandblast             Erth           34%        2d9       3%          1
b - Stone Arrow           Conj/Erth      22%        3d8       19%         3
c - Passwall              Tmut/Erth      11%        N/A       7%          2

Your spell library contained the following spells:

 Spells                   Type           Power      Damage    Failure   Level
 Scorch                   Fire           10%        2d6       17%         2
 Petrify                  Tmut/Erth      14%        N/A       41%         4
 Flame Wave               Conj/Fire      5%         2d5       75%         4
 Summon Ice Beast         Ice/Summ       5%         N/A       75%         4
 Summon Mana Viper        Hex/Summ       5%         N/A       97%         5
 Summon Cactus Giant      Summ           2%         N/A       100%        6
 Monstrous Menagerie      Summ           2%         N/A       100%        7


Dungeon Overview and Level Annotations

Branches:
Dungeon (3/15)              Sewer (1/1)

Altars:


Innate Abilities, Weirdness & Mutations

You cannot wear most types of armour.
You are amphibious.
You can wear up to eight rings at the same time.
Your skin changes colour to match your surroundings (Stealth+).
Your rubbery body absorbs attacks. (AC +1, EV +1)
((You are camouflaged when in or above water. (Stealth+)))
You have tentacles for arms and can constrict up to eight enemies at once.


Message History

Press: ? - help, Shift-Dir - straight line, f/p - river rat
Aim: a river rat (heavily wounded, 80% to hit)
The blast of sand hits the river rat but does no damage.
The river rat is heavily wounded.
The river rat bites you.
Unknown command.
Casting: Sandblast (safe; 3% risk of failure)
Confirm with . or Enter, or press ? or * to list all spells.
Aiming: Sandblast (safe; 3% risk of failure)
Press: ? - help, Shift-Dir - straight line, f/p - river rat
Aim: a river rat (heavily wounded, 80% to hit)
The blast of sand hits the river rat but does no damage.
The river rat is heavily wounded.
The river rat bites you. x2
Unknown command.
Casting: Sandblast (safe; 3% risk of failure)
Confirm with . or Enter, or press ? or * to list all spells.
Aiming: Sandblast (safe; 3% risk of failure)
Press: ? - help, Shift-Dir - straight line, f/p - river rat
Aim: a river rat (heavily wounded, 80% to hit)
The blast of sand hits the river rat.
The river rat is severely wounded.
The river rat misses you.
A river rat is nearby!
Casting: Sandblast (safe; 3% risk of failure)
Confirm with . or Enter, or press ? or * to list all spells.
Aiming: Sandblast (safe; 3% risk of failure)
Press: ? - help, Shift-Dir - straight line, f/p - river rat
Aim: a river rat (severely wounded, 80% to hit)
The blast of sand misses the river rat.
The river rat bites you but does no damage.
The river rat bites you!
* * * LOW HITPOINT WARNING * * *
Casting: Sandblast (safe; 3% risk of failure)
Confirm with . or Enter, or press ? or * to list all spells.
Aiming: Sandblast (safe; 3% risk of failure)
Press: ? - help, Shift-Dir - straight line, f/p - river rat
Aim: a river rat (severely wounded, 80% to hit)
The blast of sand misses the river rat.
The river rat bites you.
You die...

##~~..~~###
##~.~~~.~###
#....~~~~~## ~.
##..~#~.~~.~~##
~~##.~~##.~~##.~.#
.....##†~.~.##..##
~...~#[.~#.~##~~~##
####.~##.##~.##.r~.#
#...###.~~###@.?#
#~~~~~~.∩###...!#
##..~~~~## #~.~##
##..#### ##..##
#~~## ##..~#
#..~####~.~##
##.~~~~~~~##
##.~~....# #~.~.####


You could see a river rat.

Vanquished Creatures
  3 jellies (Sewer)
  6 adders
  A river rat (Sewer)
  A dart slug (D:3)
  An orc (D:3)
  5 ball pythons
  11 endoplasms
  2 giant cockroaches
  4 goblins
  6 hobgoblins (D:2)
  4 jackals (D:2)
  3 kobolds
  3 quokkas
  A bat (D:2)
  2 frilled lizards (D:2)
  6 rats
59 creatures vanquished.

Notes
Turn   | Place    | Note
-------+----------+-------------------------------------------
     0 | D:1      | 112233 the Octopode Earth Elementalist began the quest for
                  | the Orb.
     0 | D:1      | Reached XP level 1. HP: 11/11 MP: 3/3
   284 | D:1      | Reached XP level 2. HP: 17/17 MP: 1/5
   704 | D:2      | Reached XP level 3. HP: 21/21 MP: 3/6
   909 | D:2      | Learned a level 3 spell: Stone Arrow
   912 | D:2      | Learned a level 2 spell: Passwall
   949 | D:2      | Reached skill level 3 in Spellcasting
   966 | D:2      | Reached XP level 4. HP: 26/27 MP: 0/8
  1391 | D:3      | Found a glowing drain.
  1405 | Sewer    | Entered a sewer
  1495 | Sewer    | Reached skill level 4 in Spellcasting
  1496 | Sewer    | Reached XP level 5. HP: 19/31 MP: 3/11
  1650 | Sewer    | Found a shimmering altar of Xom.
  1711 | Sewer    | HP: 1/31 [acid (8)]
  1713 | Sewer    | Reached skill level 5 in Spellcasting
  1840 | Sewer    | Slain by a river rat

Illustrated notes

Levels and vault maps discovered:
D:1:      giann_wishing_wells, layout_basic, grunt_decor_clamped,
          minmay_misc_feat_cross, minmay_misc_feat_iff, moated_statue
D:2:      layout_basic, mrwooster_statue_mirror, grunt_ministairs_11,
          minivault_24, small_statue_intersection
D:3:      layout_basic, mainiacjoe_overflow_small_starburst,
          gup_sewer_entry_spiral, uniq_natasha
Sewer:    sewer_hellmonk_slimy_pipes

Skill      XL: |  1  2  3  4  5 |
---------------+----------------+-----
Stealth        | 3 |  3.2
Spellcasting   | 3 4 5 |  5.0
Dodging        | |  2.2
Transmutations | |  1.4
Earth Magic    | |  3.2

Action                     |  1- 3 |  4- 6 || total
---------------------------+-------+-------++-------
  Melee: Unarmed           |     8 |     1 ||     9
         Constrict         |     4 |       ||     4
         Tentacles         |     3 |     1 ||     4
   Cast: Sandblast         |    39 |    57 ||    96
    Use: Potion            |     1 |       ||     1
 Armour: Skin              |     3 |     2 ||     5
  Dodge: Dodged            |    27 |    18 ||    45

Table legend: (Time is in decaauts)
 A = Elapsed time spent in this place.
 B = Non-inter-level travel time spent in this place.
 C = Inter-level travel time spent in this place.
 D = Time resting spent in this place.
 E = Time spent auto-exploring this place.
 F = Levels seen in this place.
 G = Mean time per level.
                   A        B        C        D        E       F      G
               +--------+--------+--------+--------+--------+-----+--------+
         Total |   1886 |   1805 |     81 |      0 |   1493 |   4 |  471.5 |
       Dungeon |   1435 |   1354 |     81 |      0 |   1138 |   3 |  478.3 |
         Sewer |    450 |    450 |      0 |      0 |    355 |   1 |  450.0 |
               +--------+--------+--------+--------+--------+-----+--------+

Top non-repeatable levels by time:
     D:1: 581 daAuts
     D:2: 568 daAuts
   Sewer: 450 daAuts
     D:3: 286 daAuts
